 Dungeon Crawl Stone Soup version 0.20.0-6-gd3061e9 (webtiles) character file.

737840 MTVSty1e the Conqueror (level 27, -17/199 HPs)
             Began as a Gargoyle Fighter on May 28, 2017.
             Was the Champion of the Shining One.
             Killed from afar by Asmodeus (39 damage)
             ... with damnation
             ... on level 7 of Gehenna.
             The game lasted 03:45:40 (61817 turns).

MTVSty1e the Conqueror (Gargoyle Fighter)          Turns: 61817, Time: 03:45:41

Health: -17/199    AC: 60    Str: 29    XL:     27
Magic:  0/37       EV: 11    Int: 21    God:    the Shining One [******]
Gold:   2578       SH: 51    Dex: 12    Spells: 18/26 levels left

rFire    + + +     SeeInvis +   D - +9 broad axe (holy)
rCold    + + .     Gourm    .   u - +18 shield of the Gong {rElec rN+ MR+ EV-5}
rNeg     + + +     Faith    .   p - +9 scales of the Dragon King {rPois rF+ rC+ MR+}
rPois    ∞         Spirit   +   v - +0 mask of the Dragon {MR+ Slay+3 SInv}
rElec    +         Reflect  .   c - scarf {repulsion}
rCorr    +         Harm     .   y - +2 pair of gloves {Str+3}
MR       +++++                  d - +2 pair of boots {Fly}
Stlth    ..........             Q - amulet "Xeop" {Spirit +Blink rF++ rN+ Str-4}
Regen    0.5/turn               Y - ring "Qeoff" {rCorr Int+3}
MPRegen  0.3/turn               x - ring "Qaideirch" {rPois Int+6 Dex+3 Slay+3 SInv}

@: divine shield, about to teleport, very slightly contaminated, hasted,
glowing, studying Hexes, repel missiles, very quick
A: big wings, hooves 1, repulsion field 1, large bone plates 1, camouflage 1,
cold resistance 1, negative energy resistance 1, electricity resistance,
unbreathing, petrification resistance, rot immunity, AC +20
}: 5/15 runes: barnacled, slimy, silver, bone, gossamer
a: Fly, Divine Shield, Cleansing Flame, Summon Divine Warrior, Renounce
Religion, Evoke Blink, Evoke Flight


You were on level 7 of Gehenna.
You worshipped the Shining One.
The Shining One was exalted by your worship.
You were not hungry.

You visited 14 branches of the dungeon, and saw 68 of its levels.
You also visited: Trove and Volcano.

You collected 10797 gold pieces.
You spent 8219 gold pieces at shops.

Inventory:

Hand Weapons
 r - a +5 broad axe
 D - a +9 broad axe of holy wrath (weapon)
Armour
 c - a scarf of repulsion (worn)
 d - a +2 pair of boots of flying (worn)
 p - the +9 scales of the Dragon King (worn) {rPois rF+ rC+ MR+}
   (You found it on level 2 of the Crypt)

   It protects you from fire.
   It protects you from cold.
   It protects you from poison.
   It affects your resistance to hostile enchantments.
 u - the +18 shield of the Gong (worn) {rElec rN+ MR+ EV-5}
   (You bought it in a shop on level 1 of the Orcish Mines)

   It affects your evasion (-5).
   It insulates you from electricity.
   It protects you from negative energy.
   It affects your resistance to hostile enchantments.
 v - the +0 mask of the Dragon (worn) {MR+ Slay+3 SInv}
   (You found it on level 1 of the Spider Nest)

   It affects your accuracy and damage with ranged weapons and melee attacks
   (+3).
   It affects your resistance to hostile enchantments.
   It lets you see invisible.
 y - a +2 pair of gloves of strength (worn)
Jewellery
 x - the ring "Qaideirch" (right hand) {rPois Int+6 Dex+3 Slay+3 SInv}
   (You bought it in a shop on level 2 of the Shoals)

   [ring of see invisible]

   It affects your intelligence (+6).
   It affects your dexterity (+3).
   It affects your accuracy and damage with ranged weapons and melee attacks
   (+3).
   It protects you from poison.
   It lets you see invisible.
 B - the amulet of Noseleog {Gourm rC+ Dex+4}
   (You found it on level 3 of the Elven Halls)

   [amulet of the gourmand]

   It allows you to eat raw meat even when not hungry.
   It affects your dexterity (+4).
   It protects you from cold.
 I - a +3 amulet of reflection
 M - the ring of Immorality {rF+ MR+ Stlth+}
   (You found it on level 6 of the Lair of Beasts)

   [ring of protection from fire]

   It protects you from fire.
   It affects your resistance to hostile enchantments.
   It makes you more stealthy.
 Q - the amulet "Xeop" (around neck) {Spirit +Blink rF++ rN+ Str-4}
   (You bought it in a shop on level 3 of the Depths)

   [amulet of guardian spirit]

   It causes incoming damage to be split between your health and magic.
   It affects your strength (-4).
   It greatly protects you from fire.
   It protects you from negative energy.
   It lets you blink.
 Y - the ring "Qeoff" (left hand) {rCorr Int+3}
   (You found it on level 5 of the Lair of Beasts)

   [ring of resist corrosion]

   It affects your intelligence (+3).
Wands
 k - a wand of iceblast (7/15)
 m - a wand of disintegration (12/24)
 o - a wand of confusion (48/48)
 t - a wand of enslavement (16/24)
 H - a wand of polymorph (11/24)
 K - a wand of paralysis (11/24)
 U - a wand of digging (3/24)
Scrolls
 a - 6 scrolls of blinking
 e - 19 scrolls of teleportation
 h - 23 scrolls of remove curse
 w - 4 scrolls of enchant armour
 z - 3 scrolls of magic mapping
 A - 13 scrolls of recharging
 E - 7 scrolls of fog
 G - 11 scrolls of fear
 L - 11 scrolls of identify
 S - 4 scrolls of enchant weapon
 W - a scroll of summoning
 X - a scroll of holy word
Potions
 g - 17 potions of curing
 i - 7 potions of haste
 j - 9 potions of agility
 l - a potion of heal wounds
 n - a potion of magic
 q - 3 potions of mutation
 s - 2 potions of cancellation
 C - 6 potions of might
 N - 9 potions of brilliance
 P - 6 potions of berserk rage
 V - 11 potions of ambrosia
Books
 R - a manual of Hexes
Miscellaneous
 b - 3 boxes of beasts
 O - 9 sacks of spiders
Comestibles
 f - 25 bread rations
 F - 19 meat rations


   Skills:
 O Level 27 Fighting
 * Level 22.1 Axes
 + Level 20.5 Armour
 + Level 15.1 Dodging
 + Level 15.9 Shields
 + Level 12.8 Translocations
 + Level 20.4 Invocations
 - Level 7.3 Evocations


You had 18 spell levels left.
You knew the following spells:

 Your Spells              Type           Power        Failure   Level  Hunger
a - Controlled Blink      Tloc           N/A          100%        8    #######


Dungeon Overview and Level Annotations

Branches:
Dungeon (15/15)            Temple (1/1) D:6            Lair (6/6) D:8
 Shoals (4/4) Lair:2       Spider (4/4) Lair:4        Slime (5/5) Lair:5
    Orc (2/2) D:12            Elf (3/3) Orc:2        Vaults (5/5) D:14
  Crypt (3/3) Vaults:3       Tomb (0/3) Crypt:3      Depths (5/5) D:15
   Hell (1/1)                 Dis (0/7) Hell            Geh (7/7) Hell
    Coc (0/7) Hell            Tar (7/7) Hell            Zot (0/5) Depths:5

Altars:
Ashenzari
Cheibriados
Dithmenos
Elyvilon
Fedhas
Gozag
Hepliaklqana
Kikubaaqudgha
Makhleb
Nemelex Xobeh
Okawaru
Qazlal
Ru
Sif Muna
Trog
Uskayaw
Vehumet
Xom
Yredelemnul
Zin
The Shining One

Shops:
D:5 *   D:7 (   D:11 !   D:15 *   Orc:1 *   Orc:2 *?(}   Elf:1 (   Shoals:2 =
Shoals:3 [   Vaults:1 (   Vaults:5 }   Depths:2 *   Depths:3 }==%   Depths:4 (!

Portals:
Hell: Depths:1 Depths:2 Depths:3 Depths:4 Depths:5
Abyss: Depths:3 Depths:4 Depths:5
Pandemonium: Orc:2 Depths:3
Ziggurat: Depths:2

Annotations:
Lair:5 exclusion: 3 oklob plants
Geh:7 Asmodeus


Innate Abilities, Weirdness & Mutations

You are resistant to torment.
Your stone body is resilient. (AC +20)
You are immune to poison.
Your large and strong wings let you fly indefinitely.
You resist negative energy. (rN+)
You are resistant to electric shocks. (rElec)
You can survive without breathing.
You are immune to petrification.
You are immune to rotting.
You have large cloven feet.
You are surrounded by a mild repulsion field. (EV +2)
You are partially covered in large bone plates. (SH +4)
Your skin changes colour to match your surroundings (Stealth+).
Your flesh is cold resistant. (rC+)


Message History

Okay, then.
As you read the scroll of teleportation, it crumbles to dust.
You feel strangely unstable.
You are engulfed in blazing flames.
You resist.
* * * LOW HITPOINT WARNING * * *
You block the Brimstone Fiend's attack.
BOUMMMMG!
You block the Brimstone Fiend's attack.
PANG!
You block the Brimstone Fiend's attack.
PTOANNNG!
The Brimstone Fiend hits you but does no damage.
The Brimstone Fiend misses you. The Brimstone Fiend barely misses you.
Okay, then.
Blink to where?
Press: ? - help, Dir - move target cursor You are very lightly contaminated with residual magic.
As you read the scroll of blinking, it crumbles to dust.
Asmodeus gestures at you.
The sphere of damnation explodes!
The damnation engulfs you!
You die...

.≈≈≈≈§§≈§§§≈##'##§§≈≈§§≈≈≈≈≈§....
§§≈≈≈≈§§§§§≈#)))#§≈≈≈≈≈≈≈≈§≈§§≈..
≈≈≈≈≈≈≈≈§§≈≈#.).#≈§≈≈§§≈≈≈§≈§≈§§.
≈≈≈≈≈≈≈§≈≈§≈#..)#≈≈≈≈≈≈≈≈§≈≈≈§≈§≈
≈§############'##≈≈≈≈≈≈≈≈≈≈§§≈≈≈≈
§§# #..........#*********#≈≈§≈≈§≈
§≈# #..........######### #≈≈§≈§≈§
§≈###..........#..#....# *≈≈≈≈≈§§
###.'..........#@.)§§§.# *≈≈≈≈≈≈§
..#.'..........#..#§&§.#**#####≈≈
..#.#..........#..#11§.#,,,,*,#≈≈
..#.############..#....#,,,,*,#≈≈
..#.'.....).)..#..#....#,,,,*+#≈≈
#'#.'.....####.#..##''##,,,,,,#≈≈
#.###.....#)['.#..#,...*,,,,,,#≈≈
#.###.....#):'.#..#,.|.#,,,,,,#≈≈
#...'.....####.#..#,...',,,,,,#≈≈


You could see Asmodeus.

Vanquished Creatures
  the Royal Jelly (Slime:5)
  Ereshkigal (Tar:7)
  Mara (Vaults:4)
  2 ancient liches
  A juggernaut (Depths:3)
  Bai Suzhen (Vaults:5)
  Saint Roka (Crypt:1)
  A caustic shrike (Depths:4)
  Xtahua (Depths:3)
  Geryon (Hell)
  5 bone dragons
  5 golden dragons (Vaults:5)
  17 Tzitzimimeh
  5 doom hounds
  7 Brimstone Fiends
  8 liches
  A shard shrike skeleton (Crypt:2)
  6 tentacled monstrosities
  17 titans
  A quicksilver dragon (Vaults:5)
  10 deep elf master archers
  3 ancient champions
  10 deep elf blademasters
  Murray (Hell)
  2 eldritch tentacles
  6 sphinxes
  36 acid blobs
  Frances (D:12)
  Gastronok (D:12)
  Kirke (D:12)
  7 tengu reavers
  10 shadow dragons
  2 storm dragons
  5 revenants
  18 azure jellies
  Roxanne (Spider:4)
  Ilsuiw (Shoals:4)
  26 fire giants
  A fire giant (shapeshifter) (Vaults:2)
  18 frost giants
  8 deep elf sorcerers
  6 balrugs
  3 iron dragons
  3 ghost moths (Spider:4)
  8 emperor scorpions
  2 draconian stormcallers (Depths:5)
  4 spriggan defenders
  13 ghouls
  6 deep elf elementalists (Elf:3)
  3 curse skulls
  16 vault wardens
  26 reapers
  14 ironheart preservers
  3 war gargoyles
  9 very ugly things
  35 stone giants
  7 entropy weavers
  24 vampire knights
  Nessos (Orc:2)
  A black draconian (Crypt:2)
  13 deep elf annihilators
  A dire elephant (Lair:6)
  A red draconian (Crypt:3)
  3 green draconians
  The ghost of tv1990 the Unseen, a journeyman FoEn of Ru (Lair:6)
  2 white draconians (Depths:5)
  14 deep elf demonologists
  A lorocyproca (Hell)
  A yellow draconian (Crypt:3)
  9 eidola
  A green death (Geh:7)
  4 spark wasps
  5 merfolk impalers
  18 death oozes
  4 purple draconians
  6 deep elf death magi
  Snorg (Lair:3)
  9 merfolk javelineers (Shoals:4)
  15 ettins
  17 jiangshi
  Josephine (Orc:1)
  2 blizzard demons (Hell)
  4 fire dragons
  2 quicksilver dragon zombies
  4 deep elf high priests
  12 great orbs of eyes
  5 rakshasas
  39 vault guards
  Fannar (D:12)
  Harold (D:11)
  9 ice dragons
  20 yaktaur captains
  3 hydras
  3 spriggan air magi
  2 ghost crabs
  2 merfolk aquamancers (Shoals:4)
  3 quicksilver dragon skeletons
  3 alligator snapping turtles
  A merfolk avatar (Shoals:4)
  6 death knights
  A catoblepas (Lair:6)
  11 centaur warriors
  37 two-headed ogres
  3 deep troll earth magi
  The ghost of MTVSty1e the Fighter, a novice FoFi (D:7)
  20 hell hogs
  5 death yaks (Lair:6)
  A queen ant (shapeshifter) (Depths:4)
  12 ogre magi
  A satyr (shapeshifter) (Vaults:5)
  A queen ant (Lair:5)
  6 deep troll shamans
  Urug (D:10)
  6 spriggan berserkers
  13 vampire magi
  4 titan zombies
  31 dancing weapons
  The ghost of removed the Slicer, a journeyman VSEE of Ru (Lair:1)
  6 orc high priests (Orc:2)
  6 tengu warriors
  2 soul eaters
  47 deep elf knights
  39 hell knights
  4 storm dragon zombies
  15 sun demons
  2 titan skeletons
  An iron golem (Hell)
  6 shadow wraiths
  9 shadow demons
  94 skeletal warriors
  2 large abominations (Elf:3)
  5 storm dragon skeletons
  A death drake (shapeshifter) (Vaults:3)
  12 deep trolls
  3 golden dragon zombies
  4 iron trolls
  8 flayed ghosts
  3 sea snakes (Shoals:4)
  A deep troll (shapeshifter) (Depths:5)
  4 anaconda zombies
  A kraken simulacrum (Hell)
  22 deep elf archers
  2 gelid demonspawn
  2 torturous demonspawn (Orc:2)
  A ghost moth zombie (Crypt:3)
  4 glowing orange brains
  3 death drakes
  4 wizards
  Pikel (D:5)
  An unseen horror (Vaults:1)
  An obsidian statue (Crypt:2)
  13 ironbrand convokers
  A swamp dragon (shapeshifter) (Vaults:3)
  29 phantasmal warriors
  5 shadow dragon zombies
  4 anaconda skeletons
  4 wolf spider zombies
  9 harpies
  2 golden dragon skeletons
  16 orc knights
  22 orb spiders
  2 stone giant zombies
  2 iron dragon zombies
  A mana viper (shapeshifter) (Depths:4)
  A shadow dragon skeleton (Geh:1)
  6 cyclopes
  A salamander (shapeshifter) (Depths:3)
  8 orc sorcerers
  31 wolf spiders
  84 deep elf magi
  18 necromancers
  3 fauns
  5 shining eyes
  23 ugly things
  2 salamanders (Depths:3)
  A frost giant zombie (Geh:1)
  6 fire giant zombies
  15 manticores
  A moth of wrath (shapeshifter) (Vaults:5)
  2 human skeletons (Vaults:4)
  14 merfolk sirens
  3 iron dragon skeletons
  Maurice (D:12)
  3 rust devils
  6 fire giant skeletons
  4 moths of wrath
  9 water nymphs
  9 elephants
  A guardian serpent (Vaults:3)
  4 black mambas
  8 smoke demons
  4 dire elephant zombies
  A guardian serpent (shapeshifter) (Vaults:4)
  4 stone giant skeletons
  3 orange demons
  A torpor snail (Lair:6)
  10 spiny frogs
  7 frost giant skeletons
  11 vault sentinels
  A black mamba (shapeshifter) (Depths:1)
  2 ice statues (Hell)
  2 eyes of devastation (Slime:5)
  A catoblepas zombie (Tar:7)
  A death yak zombie (Crypt:1)
  12 molten gargoyles (Geh:7)
  A gargoyle (D:14)
  2 human zombies
  6 centaur skeletons
  A shock serpent skeleton (Tar:7)
  2 kobold demonologists (D:13)
  27 hellions
  54 yaktaurs
  An alligator snapping turtle skeleton (Crypt:1)
  A pale draconian zombie (Crypt:2)
  An anaconda simulacrum (Hell)
  A rime drake (Lair:4)
  12 tormentors
  2 grey draconian zombies
  2 hellwings
  2 ice devils (Tar:3)
  3 small abominations (Elf:3)
  18 demonic crawlers
  An efreet (D:15)
  5 guardian mummies (Crypt:3)
  27 freezing wraiths
  11 komodo dragons
  A silent spectre (Tar:3)
  19 red devils
  A meliai (shapeshifter) (Depths:2)
  2 polar bears
  A ghost moth simulacrum (Crypt:1)
  13 hornets
  A merfolk (shapeshifter) (Vaults:2)
  3 tengu conjurers
  4 harpy zombies
  9 trolls
  A catoblepas skeleton (Tar:7)
  6 hydra zombies
  A harpy skeleton (Tar:6)
  43 jumping spiders
  19 merfolk
  6 hydra skeletons
  5 wind drakes
  3 ice dragon zombies
  A raiju (shapeshifter) (D:15)
  2 dream sheep (Shoals:3)
  14 hippogriffs
  Prince Ribbit (D:5)
  17 blink frogs
  6 snapping turtles
  2 bog bodies
  81 slime creatures
  A snapping turtle (shapeshifter) (Depths:4)
  4 ettin zombies
  2 fire dragon skeletons
  Sigmund (D:6)
  5 ettin skeletons
  A stone giant simulacrum (Vaults:4)
  3 fire dragon zombies
  A wind drake zombie (Crypt:3)
  66 redbacks
  30 tarantellas
  A spriggan (shapeshifter) (Vaults:1)
  3 spriggans (Depths:4)
  A ynoxinul (Orc:2)
  2 alligator skeletons
  97 flying skulls
  2 vampires
  41 shadows
  6 wyverns
  3 air elementals (Depths:3)
  A tarantella (shapeshifter) (Vaults:5)
  4 ice dragon skeletons
  19 water elementals
  36 wraiths
  32 yaks
  A dire elephant simulacrum (Crypt:1)
  7 basilisks
  10 golden eyes
  4 hogs (D:12)
  5 hungry ghosts
  A steam dragon (Lair:3)
  30 fire elementals
  Grum (D:10)
  10 swamp worms (Spider:2)
  A basilisk (shapeshifter) (Depths:4)
  3 vampire mosquitoes (D:13)
  A water nymph zombie (Crypt:2)
  7 wargs
  A glowing shapeshifter zombie (Crypt:3)
  25 soldier ants
  44 hell hounds
  Duvessa (D:5)
  An acid dragon (Vaults:2)
  7 hydra simulacra
  A floating eye (Depths:4)
  13 water moccasins
  3 spiny frog zombies
  A gelid demonspawn skeleton (Crypt:1)
  56 orc warriors
  10 porcupines
  A manticore zombie (Tar:6)
  3 black bears
  5 sky beasts
  3 spiny frog skeletons
  8 ice beasts
  4 eyes of draining
  35 ogres
  10 phantoms
  3 snapping turtle zombies
  30 necrophages
  2 swamp dragon skeletons
  15 wolves
  18 centaurs
  11 crocodiles
  4 snapping turtle skeletons
  A rime drake skeleton (Crypt:3)
  A big kobold (D:12)
  Blork the orc (D:4)
  A wyvern zombie (Crypt:1)
  22 bullfrogs
  2 elf skeletons (Geh:7)
  A water moccasin zombie (D:11)
  Dowan (D:5)
  2 earth elementals
  A wyvern skeleton (D:9)
  5 scorpions
  A spriggan zombie (Geh:6)
  A snapping turtle simulacrum (Tar:6)
  2 human simulacra
  5 killer bees (D:12)
  6 electric eels
  71 wights
  3 howler monkeys
  5 crimson imps
  6 bullfrog zombies
  6 centaur zombies
  19 jellies
  A quasit (D:11)
  A wolf skeleton (Crypt:1)
  4 hounds
  21 orc wizards
  29 orc priests
  4 bullfrog skeletons
  5 iron imps (Hell)
  A black bear skeleton (Crypt:3)
  4 iguanas
  A demonspawn skeleton (Crypt:3)
  24 worker ants
  2 killer bee zombies
  A naga zombie (Crypt:3)
  A big kobold zombie (Crypt:3)
  A deep dwarf skeleton (Crypt:1)
  A tengu zombie (Crypt:1)
  6 mummies (Crypt:3)
  2 howler monkey zombies
  9 adders
  15 shadow imps
  2 white imps (Hell)
  9 oozes
  An iguana zombie (Crypt:3)
  An adder skeleton (D:5)
  4 adder zombies
  12 worms
  2 dart slugs
  5 leopard geckos
  100 orcs
  3 bats
  6 giant cockroaches
  9 hobgoblins
  5 jackals
  4 quokkas
  A ball python (D:6)
  4 frilled lizards
  A frilled lizard zombie (Crypt:3)
  A giant cockroach zombie (D:5)
  3 goblins
  19 kobolds
  A leopard gecko skeleton (Crypt:1)
  An orc skeleton (Crypt:3)
  An orc zombie (Crypt:3)
  A quokka zombie (D:5)
  10 rats
  4 crawling corpses (Elf:3)
  8 fungi
  15 plants
  A tentacle (Hell)
3324 creatures vanquished.

Vanquished Creatures (others)
  A titan (Vaults:3)
  A tengu reaver (Vaults:3)
  A stone giant (Depths:3)
  A dancing weapon (Elf:2)
  A soul eater (Crypt:2)
  A skeletal warrior (Crypt:1)
  2 deep elf magi
  A molten gargoyle (Geh:7)
  A dire elephant skeleton (Geh:7)
  A yaktaur (Vaults:1)
  A hydra skeleton (Geh:7)
  2 slime creatures (Slime:5)
  A flying skull (Geh:5)
  2 humans (D:12)
  A fire elemental (Geh:5)
  A hydra simulacrum (Depths:3)
  An ogre (Vaults:4)
  A wight (Geh:1)
  An orc priest (Vaults:5)
  A bullfrog skeleton (D:5)
  A centaur skeleton (Geh:4)
  An orc (Orc:2)
  A bush (Depths:3)
  9 fungi
  30 plants
  3 tentacles (Hell)
  10 toadstools (D:3)
78 creatures vanquished.

Grand Total: 3402 creatures vanquished

Notes
Turn   | Place    | Note
-------+----------+-------------------------------------------
     0 | D:1      | MTVSty1e the Gargoyle Fighter began the quest for the Orb.
     0 | D:1      | Reached XP level 1. HP: 14/14 MP: 1/1
   429 | D:1      | Reached XP level 2. HP: 19/19 MP: 2/2
  1163 | D:2      | Reached skill level 4 in Fighting
  1211 | D:2      | Reached XP level 3. HP: 24/24 MP: 3/3
  2267 | D:3      | Reached XP level 4. HP: 30/30 MP: 4/4
  2317 | D:3      | Reached skill level 5 in Fighting
  2325 | D:3      | Reached XP level 5. HP: 28/35 MP: 5/5
  2815 | D:3      | Found a shimmering altar of Xom.
  3050 | D:4      | Noticed Blork the orc
  3058 | D:4      | Killed Blork the orc
  3058 | D:4      | Reached XP level 6. HP: 41/41 MP: 6/6
  3071 | D:4      | Reached skill level 6 in Fighting
  3388 | D:4      | Reached XP level 7. HP: 45/47 MP: 7/7
  3515 | D:4      | Reached skill level 5 in Axes
  3788 | D:5      | Entered Level 5 of the Dungeon
  3814 | D:5      | Reached skill level 7 in Fighting
  3818 | D:5      | Gained mutation: Your magical capacity is low. (-10% MP) [mutagenic meat]
  3819 | D:5      | Gained mutation: You are occasionally teleported next to monsters. [mutagenic meat]
  3820 | D:5      | Gained mutation: Your muscles are strong. (Str +2) [mutagenic meat]
  3821 | D:5      | Gained mutation: You are partially covered in yellow scales. (AC +2) [mutagenic meat]
  3822 | D:5      | Lost mutation: Your muscles are strong. (Str +2) [mutagenic meat]
  3909 | D:5      | Noticed Pikel
  4047 | D:5      | Reached XP level 8. HP: 50/53 MP: 7/7
  4085 | D:5      | Noticed Prince Ribbit
  4086 | D:5      | Noticed Duvessa
  4089 | D:5      | Noticed Dowan
  4511 | D:5      | Found Zumeuxergh's General Store.
  4574 | D:5      | Killed Duvessa
  4574 | D:5      | Reached skill level 8 in Fighting
  4590 | D:5      | Killed Dowan
  4802 | D:5      | Killed Pikel
  4802 | D:5      | Reached skill level 9 in Fighting
  5161 | D:6      | Noticed Sigmund
  5166 | D:6      | Killed Sigmund
  5166 | D:6      | Reached XP level 9. HP: 61/61 MP: 8/8
  5189 | D:6      | Found a shadowy altar of Dithmenos.
  5251 | D:6      | Got a bloodstained buckler
  5262 | D:6      | Identified the +1 buckler "Wougiun" {rElec Slay+3} (You found it on level 6 of the Dungeon)
  5314 | D:6      | Found a staircase to the Ecumenical Temple.
  5415 | Temple   | Entered the Ecumenical Temple
  5509 | Temple   | Became a worshipper of Warmaster Okawaru
  5636 | D:6      | Reached skill level 10 in Fighting
  5655 | D:6      | Lost mutation: Your magical capacity is low. (-10% MP) [potion of mutation]
  5655 | D:6      | Lost mutation: You are occasionally teleported next to monsters. [potion of mutation]
  5655 | D:6      | Gained mutation: You evolve. [potion of mutation]
  5655 | D:6      | Gained mutation: Your spells are a little harder to cast, but a little more powerful. [potion of mutation]
  5803 | D:6      | Reached * piety under Okawaru
  6099 | D:7      | Found Cigaos's Weapon Shop.
  6282 | D:7      | Noticed MTVSty1e's ghost (novice FoFi)
  6295 | D:7      | Killed MTVSty1e's ghost
  6295 | D:7      | Reached ** piety under Okawaru
  6295 | D:7      | Reached skill level 11 in Fighting
  6295 | D:7      | Reached XP level 10. HP: 43/70 MP: 8/10
  6755 | D:8      | Found a staircase to the Lair.
  6755 | D:8      | Noticed an elephant
  6793 | D:8      | Killed an elephant
  6793 | D:8      | Reached *** piety under Okawaru
  6900 | D:8      | Noticed a two-headed ogre
  6902 | D:8      | Reached skill level 10 in Axes
  6915 | D:8      | Killed a two-headed ogre
  6915 | D:8      | Reached skill level 12 in Fighting
  7209 | D:8      | Found a basalt altar of Yredelemnul.
  7343 | D:8      | Reached **** piety under Okawaru
  7367 | D:8      | Gained mutation: You are resistant to hostile enchantments. (MR+) [evolution]
  7825 | D:9      | Reached skill level 1 in Evocations
  7867 | D:9      | Reached skill level 1 in Invocations
  7867 | D:9      | Reached XP level 11. HP: 60/76 MP: 10/12
  8407 | D:10     | Entered Level 10 of the Dungeon
  8425 | D:10     | Noticed Urug
  8560 | D:10     | Killed Urug
  8670 | D:10     | Noticed Grum
  8678 | D:10     | Reached ***** piety under Okawaru
  8685 | D:10     | Killed Grum
  8807 | D:10     | Noticed a two-headed ogre
  8809 | D:10     | Noticed Sonja
  8818 | D:10     | Noticed Sonja
  8818 | D:10     | Sonja changed into Sonja the yak
  8822 | D:10     | Killed Sonja the yak
  8824 | D:10     | Killed a two-headed ogre
  9469 | D:11     | Noticed a death knight
  9842 | Lair:1   | Entered Level 1 of the Lair of Beasts
  9924 | Lair:1   | Noticed removed's ghost (journeyman VSEE)
  9926 | Lair:1   | Received a gift from Okawaru
  9941 | Lair:1   | Killed removed's ghost
  9941 | Lair:1   | Reached skill level 5 in Shields
 10206 | Lair:1   | Reached skill level 5 in Armour
 10583 | Lair:2   | Reached skill level 13 in Fighting
 10829 | Lair:2   | Reached XP level 12. HP: 80/84 MP: 14/14
 11150 | Lair:2   | Received a gift from Okawaru
 11248 | Lair:2   | Found a staircase to the Shoals.
 12094 | Lair:3   | Noticed Snorg
 12102 | Lair:3   | Killed Snorg
 12102 | Lair:3   | Reached skill level 5 in Invocations
 12391 | Lair:4   | Found a hole to the Spider Nest.
 13217 | Lair:5   | Lost mutation: You evolve. [end of evolution]
 13257 | Lair:5   | Found a staircase to the Slime Pits.
 13479 | Lair:5   | Got a coiled silver ring
 13492 | Lair:5   | Identified the ring "Qeoff" {rCorr Int+3} (You found it on level 5 of the Lair of Beasts)
 13589 | Lair:5   | Found an ancient bone altar of Kikubaaqudgha.
 13604 | Lair:5   | Reached XP level 13. HP: 71/89 MP: 12/17
 13622 | Lair:5   | Received a gift from Okawaru
 13638 | Lair:5   | Reached skill level 5 in Evocations
 13671 | Lair:5   | Noticed an entropy weaver
 13708 | Lair:5   | Killed an entropy weaver
 14108 | Lair:5   | Reached skill level 14 in Fighting
 14269 | Lair:5   | Noticed an entropy weaver
 14292 | Lair:5   | Killed an entropy weaver
 14687 | Lair:6   | Entered Level 6 of the Lair of Beasts
 14699 | Lair:6   | Received a gift from Okawaru
 14990 | Lair:6   | Reached ****** piety under Okawaru
 15035 | Lair:6   | Received a gift from Okawaru
 15068 | Lair:6   | Gained mutation: Your large and strong wings let you fly indefinitely. [Gargoyle growth]
 15068 | Lair:6   | Reached XP level 14. HP: 77/96 MP: 19/19
 15430 | Lair:6   | Noticed a dire elephant
 15442 | Lair:6   | Killed a dire elephant
 15602 | Lair:6   | Got a clouded copper ring
 15789 | Lair:6   | Found a deep blue altar of Sif Muna.
 15792 | Lair:6   | Noticed tv1990's ghost (journeyman FoEn)
 15824 | Lair:6   | Killed tv1990's ghost
 16404 | D:11     | Lost mutation: Your spells are a little harder to cast, but a little more powerful. [mutagenic meat]
 16405 | D:11     | Gained mutation: You have sharp toenails. [mutagenic meat]
 16518 | D:11     | Lost mutation: You have sharp toenails. [mutagenic meat]
 16816 | D:11     | Noticed Harold
 16827 | D:11     | Killed Harold
 16859 | D:11     | Identified the ring of Immorality {rF+ MR+ Stlth+} (You found it on level 6 of the Lair of Beasts)
 17051 | D:11     | Found Eggin's Distillery.
 17054 | D:11     | Bought a potion of resistance for 170 gold pieces
 17054 | D:11     | Bought a potion of might for 68 gold pieces
 17054 | D:11     | Bought a potion of heal wounds for 85 gold pieces
 17054 | D:11     | Bought 2 potions of heal wounds for 170 gold pieces
 17245 | D:12     | Noticed Maurice
 17464 | D:12     | Killed Maurice
 17531 | D:12     | Noticed Kirke
 17558 | D:12     | Noticed a sphinx
 17560 | D:12     | Killed Kirke
 17578 | D:12     | Noticed Gastronok
 17590 | D:12     | Killed Gastronok
 17590 | D:12     | Received a gift from Okawaru
 17593 | D:12     | Got a warped scale mail {god gift}
 17616 | D:12     | Identified the +8 scale mail of Mirth {rPois rF- rC+++ Dex+4} (Okawaru gifted it to you on level 12 of the Dungeon)
 17643 | D:12     | Gained mutation: Your mind is acute. (Int +2) [mutagenic meat]
 17645 | D:12     | Gained mutation: You have sharp toenails. [mutagenic meat]
 17646 | D:12     | Lost mutation: You have sharp toenails. [mutagenic meat]
 17647 | D:12     | Gained mutation: You occasionally shout uncontrollably at your foes. [mutagenic meat]
 17648 | D:12     | Gained mutation: Your skin changes colour to match your surroundings (Stealth+). [mutagenic meat]
 17735 | D:12     | Lost mutation: You are resistant to hostile enchantments. (MR+) [mutagenic meat]
 17736 | D:12     | Lost mutation: You occasionally shout uncontrollably at your foes. [mutagenic meat]
 17863 | D:12     | Reached XP level 15. HP: 101/101 MP: 21/21
 17874 | D:12     | Noticed Frances
 17890 | D:12     | Killed Frances
 18061 | D:12     | Found a staircase to the Orcish Mines.
 18186 | D:12     | Noticed Fannar
 18202 | D:12     | Killed Fannar
 18682 | D:13     | Reached skill level 15 in Fighting
 18813 | D:13     | Found a portal to a secret trove of treasure.
 18900 | D:13     | Lost mutation: Your mind is acute. (Int +2) [mutagenic meat]
 18901 | D:13     | Gained mutation: You are dopey. (Int -2) [mutagenic meat]
 18902 | D:13     | Gained mutation: You are weak. (Str -2) [mutagenic meat]
 18903 | D:13     | Gained mutation: Your flesh is heat resistant. (rF+) [mutagenic meat]
 18904 | D:13     | Lost mutation: You are dopey. (Int -2) [potion of mutation]
 18904 | D:13     | Lost mutation: Your flesh is heat resistant. (rF+) [potion of mutation]
 18904 | D:13     | Lost mutation: You are weak. (Str -2) [potion of mutation]
 18904 | D:13     | Gained mutation: Your flesh is cold resistant. (rC+) [potion of mutation]
 18904 | D:13     | Gained mutation: You are occasionally teleported next to monsters. [potion of mutation]
 18904 | D:13     | Lost mutation: You are occasionally teleported next to monsters. [potion of mutation]
 18904 | D:13     | Gained mutation: You are somewhat resistant to further mutation. [potion of mutation]
 19001 | D:13     | Reached skill level 1 in Dodging
 19578 | D:14     | Found a gate to the Vaults.
 19963 | D:14     | Received a gift from Okawaru
 19963 | D:14     | Reached skill level 10 in Armour
 19994 | D:14     | Got a heavily runed chain mail {god gift}
 20005 | D:14     | Identified the +2 chain mail "Roes" {rN+} (Okawaru gifted it to you on level 14 of the Dungeon)
 20019 | D:14     | Gained mutation: Scrolls take you a little longer to read. [mutagenic meat]
 20020 | D:14     | Gained mutation: You are robust. (+10% HP) [mutagenic meat]
 20114 | D:15     | Entered Level 15 of the Dungeon
 20274 | D:15     | Found a staircase to the Depths.
 20393 | D:15     | Reached skill level 15 in Axes
 20608 | D:15     | Found Rarawitz's General Store.
 21096 | Lair:6   | Got a crude broad axe {god gift}
 21097 | Lair:6   | Identified the +7 broad axe of Watchfulness {chop, rC- Str+2 Int+4} (Okawaru gifted it to you on level 6 of the Lair of Beasts)
 21340 | Depths:1 | Entered Level 1 of the Depths
 21505 | Orc:1    | Entered Level 1 of the Orcish Mines
 21505 | Orc:1    | Noticed Josephine
 21508 | Orc:1    | Paralysed by an orc sorcerer for 6 turns
 21521 | Orc:1    | Killed Josephine
 21625 | Orc:1    | Found Rof Ock's Assorted Antiques.
 21993 | Orc:2    | Entered Level 2 of the Orcish Mines
 22002 | Orc:2    | Reached XP level 16. HP: 85/118 MP: 20/23
 22003 | Orc:2    | Reached skill level 10 in Invocations
 22096 | Orc:2    | Found a dark tunnel.
 22103 | Volcano  | Entered a volcano
 22209 | Volcano  | Received a gift from Okawaru
 22392 | Orc:2    | Found a staircase to the Elven Halls.
 22430 | Orc:2    | Found Xyguol's Magic Scroll Emporium.
 22441 | Orc:2    | Found Pivausagg's General Store.
 22520 | Orc:2    | Received a gift from Okawaru
 22787 | Orc:2    | Noticed Nessos
 22814 | Orc:2    | Killed Nessos
 23104 | Orc:2    | Found Deicusuh's Gadget Shop.
 23104 | Orc:2    | Found a one-way gate leading to the halls of Pandemonium.
 23104 | Orc:2    | Found Vienteor's Antique Weapon Boutique.
 23107 | Orc:2    | Received a gift from Okawaru
 23246 | Orc:1    | Bought the +18 shield of the Gong {rElec rN+ MR+ EV-5} for 2237 gold pieces
 23524 | Slime:1  | Entered Level 1 of the Pits of Slime
 23548 | Spider:1 | Entered Level 1 of the Spider Nest
 23566 | Spider:1 | Reached skill level 16 in Fighting
 23618 | Spider:1 | Received a gift from Okawaru
 23814 | Spider:1 | Reached skill level 10 in Shields
 23814 | Spider:1 | Reached XP level 17. HP: 127/127 MP: 25/25
 24356 | Spider:2 | Reached XP level 18. HP: 118/134 MP: 23/26
 24451 | Spider:2 | Received a gift from Okawaru
 24526 | Spider:2 | Lost mutation: Scrolls take you a little longer to read. [potion of mutation]
 24526 | Spider:2 | Lost mutation: You are somewhat resistant to further mutation. [potion of mutation]
 24526 | Spider:2 | Gained mutation: You are surrounded by a mild repulsion field. (EV +2) [potion of mutation]
 24526 | Spider:2 | Lost mutation: You are robust. (+10% HP) [potion of mutation]
 24526 | Spider:2 | Gained mutation: You are clumsy. (Dex -2) [potion of mutation]
 24526 | Spider:2 | Gained mutation: You are somewhat resistant to further mutation. [potion of mutation]
 24830 | Spider:2 | Reached skill level 17 in Fighting
 24862 | Spider:3 | Reached skill level 5 in Dodging
 25132 | Spider:3 | Received a gift from Okawaru
 25445 | Spider:4 | Entered Level 4 of the Spider Nest
 25445 | Spider:4 | Noticed Roxanne
 25459 | Spider:4 | Killed Roxanne
 25494 | Spider:4 | Identified Roxanne's Collected Works on Clay (You took it off Roxanne on level 4 of the Spider Nest)
 25574 | Spider:4 | Received a gift from Okawaru
 26194 | Spider:4 | Got a gossamer rune of Zot
 26494 | Vaults:1 | Entered Level 1 of the Vaults
 26507 | Vaults:1 | Reached XP level 19. HP: 126/128 MP: 27/27
 26979 | Vaults:1 | Received a gift from Okawaru
 27217 | Vaults:1 | Reached skill level 18 in Fighting
 27323 | Vaults:1 | Found Udaentef's Antique Weapon Boutique.
 28223 | Vaults:2 | Received a gift from Okawaru
 28252 | Vaults:2 | Identified a scroll of acquirement
 28255 | Vaults:2 | Got a crude iron ring
 28259 | Vaults:2 | Identified the ring of the Dragon {rN+ Str+3 Dex+5 Stlth-} (You acquired it on level 2 of the Vaults)
 28481 | Vaults:2 | Reached XP level 20. HP: 113/137 MP: 29/29
 29659 | Vaults:3 | Reached skill level 19 in Fighting
 29691 | Vaults:3 | Received a gift from Okawaru
 29878 | Vaults:3 | Noticed a Tzitzimitl
 30224 | Vaults:3 | Reached XP level 21. HP: 98/144 MP: 31/31
 30743 | Vaults:3 | Found a staircase to the Crypt.
 30743 | Vaults:3 | Found a basalt altar of Yredelemnul.
 30744 | Vaults:3 | Found an ancient bone altar of Kikubaaqudgha.
 31289 | Vaults:4 | Received a gift from Okawaru
 31414 | Vaults:4 | Noticed Mara
 31436 | Vaults:4 | Noticed MTVSty1e's illusion
 31446 | Vaults:4 | Received a gift from Okawaru
 31501 | Vaults:4 | Killed Mara
 31635 | Vaults:4 | Reached skill level 20 in Fighting
 31896 | Vaults:4 | Received a gift from Okawaru
 32027 | Vaults:4 | Reached XP level 22. HP: 143/152 MP: 32/32
 32811 | Vaults:4 | Identified the +0 hat of Sovereignty {-Tele rElec rN+++ Str-5} (Okawaru gifted it to you on level 4 of the Vaults)
 33234 | Shoals:1 | Entered Level 1 of the Shoals
 33631 | Orc:2    | Bought a scroll of enchant weapon for 90 gold pieces
 33631 | Orc:2    | Bought a scroll of enchant armour for 90 gold pieces
 33631 | Orc:2    | Bought a scroll of blinking for 90 gold pieces
 33631 | Orc:2    | Bought a scroll of teleportation for 36 gold pieces
 33631 | Orc:2    | Bought 2 scrolls of enchant armour for 180 gold pieces
 33793 | D:13     | You paid a toll of +4 storm dragon scales to enter a treasure trove
 33794 | Trove    | Entered a treasure trove
 33924 | D:15     | Bought a scroll of blinking for 127 gold pieces
 33924 | D:15     | Bought a sack of spiders for 340 gold pieces
 33924 | D:15     | Bought a scroll of identify for 34 gold pieces
 34067 | Elf:1    | Entered Level 1 of the Elven Halls
 34472 | Elf:1    | Found Raonalem's Weapon Boutique.
 34799 | Elf:2    | Received a gift from Okawaru
 35157 | Elf:2    | Found a runed gate.
 35157 | Elf:2    | Found a runed gate.
 35157 | Elf:2    | Found a runed gate.
 35280 | Elf:2    | Received a gift from Okawaru
 35622 | Elf:3    | Entered Level 3 of the Elven Halls
 35686 | Elf:3    | Reached skill level 21 in Fighting
 35691 | Elf:3    | Got a slimy jade amulet
 35693 | Elf:3    | Identified the amulet of Noseleog {Gourm rC+ Dex+4} (You found it on level 3 of the Elven Halls)
 35840 | Elf:3    | Reached skill level 15 in Armour
 35840 | Elf:3    | Reached XP level 23. HP: 155/160 MP: 28/34
 35863 | Elf:3    | Reached skill level 15 in Invocations
 36711 | Elf:3    | Got a faintly glowing glass ring
 36809 | Elf:3    | Identified Foucoits's Incunabulum of Moulding
 36959 | Elf:3    | Identified the ring "Sorukhir" {rC- MP+9 Dex+5} (You found it on level 3 of the Elven Halls)
 37243 | Elf:3    | Received a gift from Okawaru
 38025 | D:5      | Killed Prince Ribbit
 38048 | D:5      | Bought a book of the Warp for 900 gold pieces
 38057 | D:5      | Learned a level 8 spell: Controlled Blink
 38387 | Depths:1 | Found a gateway to Hell.
 38688 | Depths:1 | Reached skill level 10 in Dodging
 38770 | Depths:2 | Reached skill level 1 in Translocations
 38779 | Depths:2 | Reached skill level 15 in Shields
 39043 | Depths:2 | Found Ticih's Assorted Antiques.
 39072 | Depths:2 | Bought a scroll of teleportation for 120 gold pieces
 39072 | Depths:2 | Bought a potion of curing for 120 gold pieces
 39072 | Depths:2 | Bought a potion of agility for 160 gold pieces
 39072 | Depths:2 | Bought a potion of might for 160 gold pieces
 39072 | Depths:2 | Bought a potion of curing for 120 gold pieces
 39231 | Depths:2 | Found a gateway to a ziggurat.
 39251 | Depths:2 | Noticed a juggernaut
 39284 | Depths:2 | Noticed a caustic shrike
 39364 | Depths:3 | Found a one-way gate to the infinite horrors of the Abyss.
 39385 | Depths:3 | Noticed Xtahua
 39397 | Depths:3 | Killed Xtahua
 39551 | Depths:3 | Found Racot's Food Emporium.
 39560 | Depths:3 | Bought a bread ration for 60 gold pieces
 39560 | Depths:3 | Bought a bread ration for 60 gold pieces
 39560 | Depths:3 | Bought a meat ration for 60 gold pieces
 39560 | Depths:3 | Bought a royal jelly for 24 gold pieces
 39560 | Depths:3 | Bought a royal jelly for 24 gold pieces
 39560 | Depths:3 | Bought a royal jelly for 24 gold pieces
 39560 | Depths:3 | Bought a royal jelly for 24 gold pieces
 39560 | Depths:3 | Bought a meat ration for 60 gold pieces
 39560 | Depths:3 | Bought a meat ration for 60 gold pieces
 39560 | Depths:3 | Bought a bread ration for 60 gold pieces
 39560 | Depths:3 | Bought a royal jelly for 24 gold pieces
 39560 | Depths:3 | Bought a meat ration for 60 gold pieces
 39716 | Depths:3 | Noticed a juggernaut
 39719 | Depths:3 | Received a gift from Okawaru
 39727 | Depths:3 | Killed a juggernaut
 39762 | Depths:3 | Reached XP level 24. HP: 161/168 MP: 34/34
 39765 | Depths:3 | Reached skill level 22 in Fighting
 40451 | Depths:3 | Found Huleyriz's Gadget Shop.
 40451 | Depths:3 | Found Edghag's Jewellery Emporium.
 40452 | Depths:3 | Found Mompirag's Jewellery Emporium.
 40465 | Depths:3 | Bought the amulet "Xeop" {Spirit +Blink rF++ rN+ Str-4} for 802 gold pieces
 40563 | Depths:4 | Found Raluonga's Distillery.
 40568 | Depths:4 | Bought a potion of curing for 75 gold pieces
 40568 | Depths:4 | Bought a potion of haste for 250 gold pieces
 40568 | Depths:4 | Bought a potion of curing for 75 gold pieces
 40568 | Depths:4 | Bought a potion of curing for 75 gold pieces
 40568 | Depths:4 | Bought a potion of heal wounds for 125 gold pieces
 40648 | Depths:4 | Noticed a caustic shrike
 40679 | Depths:4 | Killed a caustic shrike
 40754 | Depths:4 | Received a gift from Okawaru
 40965 | Depths:4 | Found Keiqucem's Antique Weapon Boutique.
 41416 | Depths:5 | Entered Level 5 of the Depths
 41464 | Depths:5 | Received a gift from Okawaru
 41480 | Depths:5 | Found a gate to the Realm of Zot.
 41975 | Depths:5 | Reached skill level 5 in Translocations
 42606 | Temple   | Fell from the grace of Okawaru
 42606 | Temple   | Became a worshipper of the Shining One
 42993 | Crypt:1  | Entered Level 1 of the Crypt
 43057 | Crypt:1  | Reached * piety under the Shining One
 43093 | Crypt:1  | Reached ** piety under the Shining One
 43162 | Crypt:1  | Reached *** piety under the Shining One
 43439 | Crypt:1  | Reached XP level 25. HP: 175/175 MP: 35/35
 43466 | Crypt:1  | Reached **** piety under the Shining One
 43523 | Crypt:1  | Noticed Saint Roka
 43555 | Crypt:1  | Killed Saint Roka
 44602 | Crypt:2  | Reached ***** piety under the Shining One
 44646 | Crypt:2  | Reached skill level 23 in Fighting
 44827 | Crypt:2  | Found a transporter.
 44830 | Crypt:2  | Noticed an ancient lich
 44857 | Crypt:2  | Found a transporter.
 45366 | Crypt:2  | Killed an ancient lich
 45441 | Crypt:3  | Entered Level 3 of the Crypt
 45491 | Crypt:3  | Reached ****** piety under the Shining One
 45533 | Crypt:3  | Identified a +9 broad axe of holy wrath (a +9 broad axe of venom blessed by the Shining One)
 45533 | Crypt:3  | Received a gift from the Shining One
 45683 | Crypt:3  | Found a basalt altar of Yredelemnul.
 46654 | Crypt:3  | Reached XP level 26. HP: 138/184 MP: 24/35
 46745 | Crypt:3  | Found a staircase to the Tomb.
 48478 | Shoals:2 | Found Jonej's Jewellery Shop.
 48486 | Shoals:2 | Bought the ring "Qaideirch" {rPois Int+6 Dex+3 Slay+3 SInv} for 980 gold pieces
 48612 | Shoals:2 | Was forgiven by Okawaru
 49329 | Shoals:3 | Found Qifoc's Armour Emporium.
 49746 | Shoals:4 | Entered Level 4 of the Shoals
 50071 | Shoals:4 | Noticed Ilsuiw
 50084 | Shoals:4 | Killed Ilsuiw
 50205 | Shoals:4 | Got a barnacled rune of Zot
 50245 | Shoals:4 | Reached skill level 24 in Fighting
 52927 | Slime:5  | Entered Level 5 of the Pits of Slime
 52955 | Slime:5  | Noticed the Royal Jelly
 53019 | Slime:4  | Gained mutation: You are weak. (Str -2) [mutagenic glow]
 53066 | Slime:4  | Gained mutation: Your spells are a little easier to cast, but a little less powerful. [mutagenic glow]
 53413 | Slime:4  | Gained mutation: You are very clumsy. (Dex -4) [a shining eye]
 53415 | Slime:4  | Gained mutation: You are frail. (-10% HP) [a shining eye]
 54339 | Slime:4  | Lost mutation: You are very clumsy. (Dex -4) [potion of mutation]
 54339 | Slime:4  | Lost mutation: Your spells are a little easier to cast, but a little less powerful. [potion of mutation]
 54339 | Slime:4  | Lost mutation: You are frail. (-10% HP) [potion of mutation]
 54339 | Slime:4  | Lost mutation: You are somewhat resistant to further mutation. [potion of mutation]
 54339 | Slime:4  | Lost mutation: You are weak. (Str -2) [potion of mutation]
 54339 | Slime:4  | Gained mutation: You evolve. [potion of mutation]
 54339 | Slime:4  | Gained mutation: You have a pair of small antennae on your head. [potion of mutation]
 54360 | Slime:5  | Gained mutation: You are frail. (-10% HP) [a shining eye]
 54366 | Slime:5  | Gained mutation: You are very frail. (-20% HP) [a shining eye]
 54368 | Slime:5  | Gained mutation: Your magical capacity is low. (-10% MP) [a shining eye]
 54373 | Slime:5  | Killed the Royal Jelly
 54380 | Slime:5  | Gained mutation: Your body sometimes deteriorates upon taking damage. [a shining eye]
 54385 | Slime:5  | Reached XP level 27. HP: 82/153 MP: 17/32
 54397 | Slime:5  | Gained mutation: You are very clumsy. (Dex -4) [a shining eye]
 54413 | Slime:5  | Got a scintillating platinum ring
 54414 | Slime:5  | Identified the ring of Midnight {rF++ MR- Dex+2} (You found it on level 5 of the Pits of Slime)
 54461 | Slime:5  | Got a slimy rune of Zot
 54657 | Slime:5  | Identified the Grimoire of Shifting Envenoming
 54687 | Slime:5  | Lost mutation: Your body sometimes deteriorates upon taking damage. [potion of mutation]
 54687 | Slime:5  | Lost mutation: You have a pair of small antennae on your head. [potion of mutation]
 54687 | Slime:5  | Lost mutation: You are very clumsy. (Dex -4) [potion of mutation]
 54687 | Slime:5  | Lost mutation: You evolve. [potion of mutation]
 54687 | Slime:5  | Lost mutation: You are clumsy. (Dex -2) [potion of mutation]
 54687 | Slime:5  | Lost mutation: Your flesh is cold resistant. (rC+) [potion of mutation]
 54687 | Slime:5  | Gained mutation: Your spells are a little harder to cast, but a little more powerful. [potion of mutation]
 54687 | Slime:5  | Lost mutation: Your spells are a little harder to cast, but a little more powerful. [potion of mutation]
 54687 | Slime:5  | Gained mutation: Your spells are a little harder to cast, but a little more powerful. [potion of mutation]
 54688 | Slime:5  | Lost mutation: You are very frail. (-20% HP) [potion of mutation]
 54688 | Slime:5  | Gained mutation: You are dopey. (Int -2) [potion of mutation]
 54688 | Slime:5  | Gained mutation: You are partially covered in slimy green scales. (AC +2) [potion of mutation]
 54689 | Slime:5  | Lost mutation: Your magical capacity is low. (-10% MP) [potion of mutation]
 54689 | Slime:5  | Lost mutation: You are frail. (-10% HP) [potion of mutation]
 54689 | Slime:5  | Lost mutation: Your spells are a little harder to cast, but a little more powerful. [potion of mutation]
 54689 | Slime:5  | Lost mutation: You are partially covered in slimy green scales. (AC +2) [potion of mutation]
 54689 | Slime:5  | Gained mutation: You can translocate small distances at will. [potion of mutation]
 54689 | Slime:5  | Gained mutation: Your flesh is cold resistant. (rC+) [potion of mutation]
 55289 | Vaults:5 | Entered Level 5 of the Vaults
 55405 | Vaults:5 | Noticed Bai Suzhen
 55425 | Vaults:5 | Killed Bai Suzhen
 55643 | Vaults:5 | Reached skill level 25 in Fighting
 55969 | Vaults:5 | Got a silver rune of Zot
 56080 | Vaults:5 | Found Cuz Punk's Gadget Boutique.
 56641 | Hell     | Entered the Vestibule of Hell
 56641 | Hell     | Noticed Geryon
 56660 | Hell     | Noticed Murray
 56681 | Hell     | Killed Geryon
 56685 | Hell     | Killed Murray
 56685 | Hell     | Reached skill level 10 in Translocations
 56711 | Hell     | Found a gateway to the Iron City of Dis.
 56814 | Hell     | Found a gateway to the freezing wastes of Cocytus.
 56977 | Hell     | Found a gateway to the decaying netherworld of Tartarus.
 57036 | Hell     | Found a gateway to the ashen valley of Gehenna.
 57194 | Tar:1    | Entered Level 1 of Tartarus
 58879 | Tar:4    | Gained mutation: You are frail. (-10% HP) [mutagenic glow]
 58934 | Tar:4    | Reached skill level 26 in Fighting
 59474 | Tar:7    | Entered Level 7 of Tartarus
 59628 | Tar:7    | Noticed an ancient lich
 59635 | Tar:7    | Killed an ancient lich
 59790 | Tar:7    | Noticed Ereshkigal
 59811 | Tar:7    | Killed Ereshkigal
 59836 | Tar:7    | Got a bone rune of Zot
 60179 | Geh:1    | Entered Level 1 of Gehenna
 60535 | Geh:3    | Reached skill level 27 in Fighting
 60539 | Geh:3    | Lost mutation: You can translocate small distances at will. [potion of mutation]
 60539 | Geh:3    | Lost mutation: You are frail. (-10% HP) [potion of mutation]
 60539 | Geh:3    | Lost mutation: You are dopey. (Int -2) [potion of mutation]
 60539 | Geh:3    | Lost mutation: You are partially covered in yellow scales. (AC +2) [potion of mutation]
 60539 | Geh:3    | Gained mutation: You are partially covered in large bone plates. (SH +4) [potion of mutation]
 60539 | Geh:3    | Gained mutation: You have large cloven feet. [potion of mutation]
 60863 | Geh:7    | Entered Level 7 of Gehenna
 61003 | Geh:7    | Reached skill level 15 in Dodging
 61201 | Geh:7    | Identified the +2 pair of gloves of Theory {Int+4} (You found it on level 7 of Gehenna)
 61800 | Geh:7    | Noticed Asmodeus
 61817 | Geh:7    | Killed from afar by Asmodeus

Skill      XL: |  1  2  3  4  5  6  7  8  9 10 11 12 13 14 15 16 17 18 19 20 21 22 23 24 25 26 27 |
---------------+----------------------------------------------------------------------------------+-----
Axes           | 2 3 4 5 7 9 10 11 12 13 14 15 16 17 18 19 20 22 | 22.1
Fighting       | 4 5 6 7 9 11 12 13 14 15 16 17 18 19 20 21 22 23 24 27 | 27.0
Evocations     | 1 3 4 6 7 |  7.3
Invocations    | 1 3 5 7 8 9 10 11 12 13 14 15 16 17 20 | 20.4
Armour         | 5 6 7 9 10 11 12 13 14 15 16 17 20 | 20.5
Shields        | 5 6 8 9 10 11 12 13 14 15 | 15.9
Dodging        | 3 4 6 7 8 9 10 11 12 15 | 15.1
Translocations | 3 5 7 8 12 | 12.8

Action                   |  1- 3 |  4- 6 |  7- 9 | 10-12 | 13-15 | 16-18 | 19-21 | 22-24 | 25-27 || total
-------------------------+-------+-------+-------+-------+-------+-------+-------+-------+-------++-------
Melee: War axe           |   147 |   134 |   286 |    80 |       |       |       |       |       ||   647
       Broad axe         |       |       |       |   490 |  1274 |   848 |  1275 |  1563 |  3300 ||  8750
       Kick              |       |       |       |       |     2 |       |       |       |       ||     2
       Eveningstar       |       |       |       |       |    11 |       |       |       |       ||    11
Invok: Heroism           |       |       |     1 |     7 |    12 |    11 |    10 |    19 |       ||    60
       Finesse           |       |       |       |       |     1 |     1 |     4 |     1 |       ||     7
       Divine Shield     |       |       |       |       |       |       |       |     1 |    43 ||    44
       Cleansing Flame   |       |       |       |       |       |       |       |       |    19 ||    19
       Brand Weapon With |       |       |       |       |       |       |       |       |     1 ||     1
 Abil: Fly               |       |       |       |       |     2 |     1 |     1 |       |     1 ||     5
       Stop Flying       |       |       |       |       |     2 |     1 |     1 |       |     1 ||     5
Evoke: Wand              |       |       |       |     2 |       |       |       |       |       ||     2
  Use: Scroll            |       |       |    14 |    19 |     8 |     6 |     3 |    19 |    16 ||    85
       Potion            |       |       |     2 |       |     7 |     5 |     4 |     4 |    14 ||    36
 Stab: Distracted        |       |       |       |       |     1 |       |     1 |     1 |       ||     3
  Eat: Fruit             |     1 |       |     3 |     1 |     8 |     7 |       |     1 |    20 ||    41
       Chunk             |     1 |       |     5 |     1 |    20 |       |       |       |       ||    27
       Bread ration      |     1 |       |       |       |     1 |       |     1 |       |     6 ||     9
       Meat ration       |       |     1 |       |     6 |     3 |     1 |     1 |     3 |       ||    15
       Royal jelly       |       |       |     2 |     1 |       |     2 |     6 |    10 |    14 ||    35
Armor: Scale mail        |    69 |    68 |   158 |    69 |       |       |       |       |       ||   364
       Plate armour      |       |       |       |   435 |   863 |   457 |   215 |    53 |       ||  2023
       Gold dragon scale |       |       |       |       |       |       |       |   351 |  1212 ||  1563
Dodge: Dodged            |    52 |    42 |    83 |   175 |   347 |   170 |    93 |   125 |   329 ||  1416
       Deflected         |       |       |       |       |    17 |    17 |    15 |    21 |    50 ||   120
Block: Shield            |    74 |    63 |   113 |       |       |  1042 |  1179 |  1628 |  3971 ||  8070
       Buckler           |       |       |    22 |   162 |   353 |    71 |       |       |       ||   608
